 Dungeon Sprint DCSS version 0.28.0-43-g3370ac3207 (webtiles) character file.

Game seed: 6839897058093300612

3073 boopmooplesden the Severer (level 9, -15/100 HPs)
             Began as a Hill Orc Berserker on Mar 2, 2022.
             Was a High Priest of Trog.
             Demolished by a deep troll (18 damage)
             ... in the Dungeon (Sprint II: "The Violet Keep of Menkaure").
             The game lasted 00:03:00 (1226 turns).

boopmooplesden the Severer (Hill Orc Berserker)     Turns: 1226, Time: 00:03:01

Health: -15/100    AC: 16    Str: 19    XL:     9   Next: 88%
Magic:  9/9        EV: 10    Int:  7    God:    Trog [*****.]
Gold:   46         SH:  5    Dex: 14    Spells: 8/8 levels left

rFire   + . .      SeeInvis .   k - +3 battleaxe (elec)
rCold   . . .      Faith    .   (shield currently unavailable)
rNeg    . . .      Spirit   .   i - +5 chain mail of Hepliaklqana's Pride {Dex+4}
rPois   .          Reflect  +   (no helmet)
rElec   .          Harm     +   (no cloak)
rCorr   .          Rampage  .   (no gloves)
Will    .....      NoTele   +   (no boots)
Stlth   ..........              j - amulet "Loehytue" {Reflect Harm rF+ Str-3 SH+5}
HPRegen 0.26/turn               (no ring)
MPRegen 0.11/turn               (no ring)

@: on berserk cooldown, slowed, very slow
A: clumsy 1
a: Renounce Religion, Berserk, Trog's Hand, Brothers in Arms


You were in the Dungeon.
You worshipped Trog.
Trog was extremely pleased with you.
You visited 1 branch You collected 972 gold pieces.
You spent 926 gold pieces at shops.

Inventory:

Hand Weapons
 a - a +0 hand axe
 c - a +3 war axe of flaming
 k - a +3 battleaxe of electrocution (weapon)
Armour
 b - a +0 animal skin
 i - the +5 chain mail of Hepliaklqana's Pride (worn) {Dex+4}
   (You bought it in a shop in the Dungeon)

   Dex:       It affects your dexterity (+4).
Jewellery
 j - the amulet "Loehytue" (around neck) {Reflect Harm rF+ Str-3 SH+5}
   (You bought it in a shop in the Dungeon)

   [amulet of reflection]

   It reflects blocked missile attacks.
   Str:       It affects your strength (-3).
   rF:        It protects you from fire.
   SH:        It affects your SH (+5).
   Harm:      It increases damage dealt and taken.
Potions
 d - a potion of heal wounds
 e - a potion of haste
 f - 2 potions of magic
 g - a potion of berserk rage


   Skills:
 + Level 15.9 Fighting
 + Level 18.7 Axes
 + Level 8.4 Armour
 + Level 6.1 Dodging
 + Level 2.4 Stealth
 + Level 2.1 Shields


You had 8 spell levels left.
You didn't know any spells.
Your spell library was empty.

Dungeon Overview and Level Annotations

Branches:
Dungeon (1/1)

Altars:
Cheibriados
Dithmenos
Elyvilon
Fedhas
Gozag
Hepliaklqana
Kikubaaqudgha
Makhleb
Nemelex Xobeh
Okawaru
Qazlal
Ru
Sif Muna
Trog
Uskayaw
Vehumet
Wu Jian
Xom
Yredelemnul
Zin
The Shining One
Beogh
Jiyva
Lugonu

Shops:
D :(((=[(?[=:!*!=

Annotations:
D exclusion: oklob plant


Innate Abilities, Weirdness & Mutations

You are clumsy. (Dex -2)


Message History

Unknown command.
You slice the deep troll!!
Lightning courses through the deep troll!
The deep troll is severely wounded.
The deep troll bites you!
The deep troll claws you but does no damage.
The deep troll claws you.
You closely miss the deep troll.
The deep troll is severely wounded.
You block the deep troll's attack. The deep troll claws you. x2
You enter the shallow water.
Moving in this stuff is going to be slow.
The deep troll closely misses you.
The deep troll claws you but does no damage.
The deep troll closely misses you.
The deep troll bites you but does no damage.
You block the deep troll's attack.
The deep troll claws you but does no damage.
The deep troll barely misses you.
The deep troll claws you but does no damage.
The deep troll claws you!
* * * LOW HITPOINT WARNING * * *
Blink to where?
Press: ? - help, Dir - move target Splash!
As you read the scroll of blinking, it crumbles to dust.
Tentacles burst out of the water! 2 tentacles come into view.
You close the door.
The tentacle slaps you but does no damage.
The tentacle slaps you but does no damage. x2
The tentacle barely misses you.
A deep troll opens the door.
You see here a water moccasin corpse.
The deep troll bites you!
* * * LOW HITPOINT WARNING * * *
The deep troll claws you.
* * * LOW HITPOINT WARNING * * *
You block the deep troll's attack. The deep troll bites you!
You die...

## †##.#### +.### }▓(!?)?)?[▓▓
#.# ...# ...####▓$![[[!)(▓▓
#####..## #..##.#▓$$[())?!▓▓
###.##..# +..#..#▓$(!)[?!(▓▓
##..##..# #..#.)#▓?!!(?!!)▓▓
.'##.'..####..##÷#▓[$?$[)$!▓▓
##..##...§###...##▓▓▓▓▓▓▓+▓▓▓▓+
###.##...§§.≈≈≈≈@T≈†≈≈≈≈§...Xw≈
.####≈≈.§§§.≈#+########§###.w≈
..#≈≈≈§§§§..≈#.._._._.#≈≈§##
###≈≈≈≈≈§§≈.≈#._._._..#≈≈≈≈####▓▓
#≈≈≈§≈§§§≈§≈#_._._._.#≈≈≈§≈##$$#
≈≈≈≈≈≈≈§§§≈≈≈#._._._._#§§≈§§≈#$.#
+++#≈§≈≈§≈§≈≈#.._._._.#≈§§≈≈§†§$+
≈ ##≈≈≈###≈≈#..._._._#≈§§§§≈#$§#
.._._.#§≈≈≈≈≈▓$$#


You could see a deep troll.

Vanquished Creatures
  A deep troll (D)
  A merfolk siren (D)
  A yaktaur (D)
  3 polar bears (D)
  A hornet (D)
  4 neqoxecs (D)
  4 water moccasins (D)
  4 scorpions (D)
  A hell rat (D)
  3 worms (D)
23 creatures vanquished.

Vanquished Creatures (others)
  Menkaure (D)
  A water moccasin (D)
  4 tentacles (D)
6 creatures vanquished.

Grand Total: 29 creatures vanquished

Notes
Turn   | Place    | Note
-------+----------+-------------------------------------------
     0 | D        | boopmooplesden the Hill Orc Berserker began the quest for
                  | the Orb.
     0 | D        | Reached XP level 1. HP: 19/19 MP: 1/1
     1 | D        | Noticed a scorpion
     1 | D        | Noticed a scorpion
     1 | D        | Noticed a scorpion
     1 | D        | Noticed a scorpion
     5 | D        | Killed a scorpion
     6 | D        | Reached skill level 7 in Axes
     6 | D        | Reached XP level 2. HP: 31/31 MP: 2/2
     6 | D        | Reached XP level 3. HP: 38/38 MP: 3/3
     6 | D        | Reached XP level 4. HP: 45/45 MP: 4/4
     8 | D        | Killed a scorpion
     9 | D        | Reached skill level 8 in Axes
     9 | D        | Reached XP level 5. HP: 53/53 MP: 5/5
    14 | D        | Reached ** piety under Trog
    15 | D        | Reached skill level 10 in Axes
    19 | D        | Reached XP level 6. HP: 64/64 MP: 6/6
    60 | D        | Killed Menkaure
   115 | D        | Reached skill level 11 in Axes
   126 | D        | Reached *** piety under Trog
   205 | D        | Noticed a neqoxec
   205 | D        | Noticed a neqoxec
   205 | D        | Noticed a neqoxec
   205 | D        | Noticed a neqoxec
   210 | D        | Killed a neqoxec
   211 | D        | Reached skill level 10 in Fighting
   211 | D        | Reached skill level 12 in Axes
   211 | D        | Reached skill level 5 in Armour
   217 | D        | Killed a neqoxec
   218 | D        | Reached skill level 13 in Axes
   218 | D        | Reached XP level 7. HP: 71/74 MP: 7/7
   222 | D        | Gained mutation: You are clumsy. (Dex -2) [a neqoxec]
   228 | D        | Killed a neqoxec
   229 | D        | Reached skill level 14 in Axes
   236 | D        | Killed a neqoxec
   236 | D        | Reached **** piety under Trog
   422 | D        | Noticed a merfolk siren
   448 | D        | Killed a merfolk siren
   449 | D        | Reached skill level 15 in Axes
   449 | D        | Reached XP level 8. HP: 79/86 MP: 8/8
   454 | D        | Found Ekubelob's Antique Weapon Shoppe.
   454 | D        | Found Befo's Book Shoppe.
   454 | D        | Found Poosearph's General Store.
   454 | D        | Found Ampankei's Antique Armour Emporium.
   454 | D        | Found Ovazoint's Jewellery Shoppe.
   454 | D        | Found Qeixezo's Jewellery Emporium.
   455 | D        | Found Foasecih's Distillery.
   455 | D        | Found Dicwel's Antique Armour Shoppe.
   455 | D        | Found Jeofut's Magic Scroll Emporium.
   455 | D        | Found Ulugaq's Antique Weapon Shoppe.
   455 | D        | Found Usiecs's Weapon Emporium.
   456 | D        | Found Texkiumen's Antique Weapon Shoppe.
   456 | D        | Found Wumm's Distillery.
   456 | D        | Found Avoaqi's Jewellery Emporium.
   456 | D        | Noticed a wyvern
   456 | D        | Noticed a wyvern
   468 | D        | Reached skill level 5 in Dodging
   468 | D        | Reached skill level 1 in Stealth
   698 | D        | Reached ***** piety under Trog
   708 | D        | Noticed an oklob plant
   709 | D        | Found Ketif's Book Shoppe.
   713 | D        | Noticed a hell hog
   725 | D        | Bought a crude chain mail for 218 gold pieces
   725 | D        | Identified the +5 chain mail of Hepliaklqana's Pride
                  | {Dex+4} (You bought it in a shop in the Dungeon)
   735 | D        | Noticed a hell hog
   736 | D        | Bought the amulet "Loehytue" {Reflect Harm rF+ Str-3 SH+5}
                  | for 452 gold pieces
   742 | D        | Bought a runed battleaxe for 256 gold pieces
   830 | D        | Found a roughly hewn altar of Beogh.
   831 | D        | Found a hazy altar of Hepliaklqana.
   831 | D        | Found a snail-covered altar of Cheibriados.
   832 | D        | Found a stormy altar of Qazlal.
   832 | D        | Found a viscous altar of Jiyva.
   832 | D        | Found a shadowy altar of Dithmenos.
   833 | D        | Found a sacrificial altar of Ru.
   833 | D        | Found an ancient bone altar of Kikubaaqudgha.
   833 | D        | Found a white marble altar of Elyvilon.
   834 | D        | Found an ornate altar of the Wu Jian Council.
   834 | D        | Found a shimmering blue altar of Sif Muna.
   834 | D        | Found a corrupted altar of Lugonu.
   835 | D        | Found a shimmering altar of Xom.
   835 | D        | Found a bloodstained altar of Trog.
   835 | D        | Found a burning altar of Makhleb.
   836 | D        | Found a glowing golden altar of the Shining One.
   836 | D        | Found a basalt altar of Yredelemnul.
   836 | D        | Found a hide-covered altar of Uskayaw.
   837 | D        | Found a glowing silver altar of Zin.
   837 | D        | Found a radiant altar of Vehumet.
   837 | D        | Noticed a polar bear
   837 | D        | Noticed a polar bear
   837 | D        | Noticed a polar bear
   838 | D        | Noticed a yaktaur
   845 | D        | Killed a polar bear
   846 | D        | Reached skill level 16 in Axes
   852 | D        | Killed a polar bear
   852 | D        | Received a gift from Trog
   854 | D        | Killed a polar bear
   855 | D        | Reached skill level 17 in Axes
   855 | D        | Reached skill level 1 in Shields
   855 | D        | Reached XP level 9. HP: 89/96 MP: 9/9
   855 | D        | Noticed a hornet
   857 | D        | Killed a yaktaur
   857 | D        | Paralysed by a hornet for 3 turns
   862 | D        | Killed a hornet
   863 | D        | Reached skill level 15 in Fighting
  1176 | D        | Noticed a kraken
  1188 | D        | Reached skill level 18 in Axes
  1192 | D        | Found a sparkling altar of Nemelex Xobeh.
  1192 | D        | Found a blossoming altar of Fedhas.
  1193 | D        | Found an iron altar of Okawaru.
  1193 | D        | Found an opulent altar of Gozag.
  1204 | D        | Noticed a deep troll
  1204 | D        | Noticed a deep troll
  1209 | D        | Killed a deep troll
  1226 | D        | HP: 3/100 [deep troll (7)]
  1226 | D        | Demolished by a deep troll

Illustrated notes

Levels and vault maps discovered:
D:        the_violet_keep_of_menkaure [sprint2_stairs_cluster_1,
          sprint2_shoproom, sprint2_temple, sprint2_basic_supplies,
          sprint2_obstacle_4, sprint2_obstacle_1, sprint2_obstacle_5,
          sprint2_obstacle_2, sprint2_obstacle_3, sprint2_timed_cluster_1,
          sprint2_smallroom_cluster_1, sprint2_smallroom_final_cluster_1,
          sprint2_transparent_cluster_1, sprint2_second_timed_cluster_1,
          sprint2_sniper_area_1, sprint2_heavy_combat_area_1,
          sprint2_mutation_trap_area_1, sprint2_forest_area_1,
          sprint2_light_combat_area_1, sprint2_behind_water_1,
          sprint2_near_end_vault_1]

Skill      XL: |  1  2  3  4  5  6  7  8  9 |
---------------+----------------------------+-----
Fighting       | 6 7 9 11 13 14 15 | 15.9
Axes           | 7 8 10 13 15 17 18 | 18.7
Armour         | 3 4 5 6 8 |  8.4
Dodging        | 2 3 4 5 6 |  6.1
Stealth        | 1 2 |  2.4
Shields        | 1 2 |  2.1

Action                   |  1- 3 |  4- 6 |  7- 9 || total
-------------------------+-------+-------+-------++-------
Melee: Hand axe          |     3 |    36 |    67 ||   106
       Punch             |       |     2 |       ||     2
       Battleaxe         |       |       |    34 ||    34
Invok: Berserk           |     1 |     1 |     2 ||     4
  Use: Scroll            |       |       |     1 ||     1
       Potion            |       |       |     1 ||     1
Armor: Chain mail        |       |       |    28 ||    28
       Animal skin       |       |       |     2 ||     2
Dodge: Dodged            |     1 |     8 |    30 ||    39
Block: Other             |       |       |    16 ||    16
